 Dungeon Sprint DCSS version 0.26-a0-84-g8c18429211 (webtiles) character file.

Game seed: 5605906841353343273

2846 Conn the Thaumaturge (level 9, -5/55 HPs)
             Began as an Octopode Wizard on June 18, 2020.
             Was a High Priest of Sif Muna.
             Slain by an orc knight
             ... wielding a +0 great mace
              (15 damage)
             ... in the Dungeon (Sprint III: "The Ten Rune Challenge").
             The game lasted 00:27:22 (2856 turns).

Conn the Thaumaturge (Octopode Wizard)              Turns: 2856, Time: 00:27:23

Health: -5/55      AC:  8    Str:  8    XL:     9   Next: 74%
Magic:  22/25      EV: 14    Int: 22    God:    Sif Muna [*****.]
Gold:   37         SH:  0    Dex: 10    Spells: 20/32 levels left

rFire    . . .     SeeInvis .   e - +5 dagger (protect)
rCold    . . .     Gourm    .   (no shield)
rNeg     . . .     Faith    .   a - +0 hat
rPois    .         Spirit   .   (no amulet)
rElec    .         Reflect  .   (no ring)
rCorr    .         Harm     .   (no ring)
MR       .....     NoTele   +   (no ring)
Stlth    +++++.....             (no ring)
HPRegen  0.18/turn              (no ring)
MPRegen  0.19/turn              (no ring)
                                (no ring)
                                (no ring)

@: protection aura
A: almost no armour, stealthy swim, amphibious, 8 rings, constrict 8, camouflage
1, gelatinous body 1
a: Channel Magic, Forget Spell, Divine Exegesis, Renounce Religion


You were in the Dungeon.
You worshipped Sif Muna.
Sif Muna was extremely pleased with you.
You were not hungry.

You visited 1 branch You collected 37 gold pieces.

Inventory:

Hand Weapons
 e - a +5 dagger of protection (weapon)
 q - a +0 dagger
 s - a +1 long sword of holy wrath
Armour
 a - a +0 hat (worn)
Wands
 r - a wand of iceblast (8)
Scrolls
 b - a scroll of enchant weapon {unknown}
 j - a scroll of immolation {unknown}
 k - a scroll of identify {unknown}
 l - 4 scrolls of remove curse
 n - a scroll of holy word {unknown}
Potions
 d - 2 potions of curing
 p - 5 potions of mutation
Miscellaneous
 t - a phial of floods (inert)
Comestibles
 c - 3 rations


   Skills:
 + Level 2.7 Fighting
 + Level 2.7 Short Blades
 + Level 4.8 Dodging
 + Level 9.3 Stealth
 - Level 0.3 Unarmed Combat
 * Level 12.3 Spellcasting
 * Level 11.1 Conjurations
 + Level 7.0 Summonings
 + Level 1.1 Necromancy
 + Level 3.2 Translocations
 + Level 1.3 Fire Magic
 + Level 3.8 Air Magic
 + Level 4.1 Poison Magic
 * Level 3.9 Invocations
 + Level 2.2 Evocations


You had 20 spell levels left.
You knew the following spells:

 Your Spells              Type           Power        Failure   Level  Hunger
a - Magic Dart            Conj           ####         1%          1    None
b - Blink                 Tloc           N/A          1%          2    None
c - Call Imp              Summ           #####...     1%          2    None
d - Conjure Flame         Conj/Fire      #####...     1%          3    None
e - Mephitic Cloud        Conj/Pois/Air  #####...     1%          3    None
f - Animate Skeleton      Necr           N/A          3%          1    None

Your spell library contained the following spells:

 Spells                   Type           Power        Failure   Level  Hunger
 Apportation              Tloc           ####..       1%          1    None
 Summon Small Mammal      Summ           ####         1%          1    None
 Corona                   Hex            ##.....      4%          1    None
 Slow                     Hex            ##......     8%          2    None


Dungeon Overview and Level Annotations

Branches:
Dungeon (1/1)

Altars:
Cheibriados
Dithmenos
Elyvilon
Fedhas
Gozag
Hepliaklqana
Kikubaaqudgha
Makhleb
Nemelex Xobeh
Okawaru
Qazlal
Ru
Sif Muna
Trog
Uskayaw
Vehumet
Wu Jian
Xom
Yredelemnul
Zin
The Shining One
Beogh
Jiyva
Lugonu


Innate Abilities, Weirdness & Mutations

You cannot wear most types of armour.
You are very stealthy in the water. (Stealth+)
You are amphibious.
You can wear up to eight rings at the same time.
You can use your tentacles to constrict eight enemies at once.
Your skin changes colour to match your surroundings (Stealth+).
Your rubbery body absorbs attacks. (AC +1, EV +1)


Message History

Unknown command.
You hit the orc knight but do no damage.
The orc knight is heavily wounded.
You constrict the orc knight, but do no damage.
Unknown command.
You hit the orc knight but do no damage.
The orc knight is heavily wounded.
You constrict the orc knight.
Unknown command.
You hit the orc knight but do no damage.
The orc knight is heavily wounded.
You constrict the orc knight, but do no damage.
The orc knight hits you with a +0 great mace!!
* * * LOW HITPOINT WARNING * * *
Unknown command.
Casting: Mephitic Cloud (safe; 1% risk of failure)
Confirm with . or Enter, or press ? or * to list all spells.
You blink.
You constrict the orc knight.
The orc knight hits you with a +0 great mace!
You die...

▓...#......#####..#__
▓..##.......#..#≈.#..
▓##.##.##...#..#≈≈###
##.##.###..##'#.≈#.)
▓#.####.##..###.o.).⌠
▓.###..##..####...#.)
▓#..§..##..###....#.⌠
###.o##...##.....#..
##.@##....#......#[#
#..###..##.#.....#..
#..# #..#####....#__
▓▓▓▓ ▓▓▓▓ ▓▓▓▓▓▓▓▓


You could see an orc knight (confused).

Vanquished Creatures
  Snorg (D)
  A centaur warrior (D)
  A shadow (D)
  4 orc warriors (D)
  A centaur (D)
  A water elemental (D)
  3 orc priests (D)
  A wizard (D)
  Jessica (D)
  2 orc wizards (D)
  2 humans (D)
  A kobold demonologist (D)
  A wolf (D)
  An ooze (D)
  2 orcs (D)
  2 rats (D)
25 creatures vanquished.

Vanquished Creatures (collateral kills)
  A deep elf mage (D)
  A human (D)
  A spatial vortex (D)
  A necrophage (D)
  A centaur (D)
  An earth elemental (D)
  A jelly (D)
  A necromancer (D)
  3 orcs (D)
11 creatures vanquished.

Vanquished Creatures (others)
  2 draconian scorchers (D)
  6 hellions (D)
  A yaktaur (D)
9 creatures vanquished.

Grand Total: 45 creatures vanquished

Notes
Turn   | Place    | Note
-------+----------+-------------------------------------------
     0 | D        | Conn the Octopode Wizard began the quest for the Orb.
     0 | D        | Reached XP level 1. HP: 11/11 MP: 4/4
    40 | D        | Reached skill level 4 in Spellcasting
    77 | D        | Killed a yaktaur
    92 | D        | Noticed Jessica
    96 | D        | Killed a hellion
    96 | D        | Killed a hellion
   102 | D        | Killed Jessica
   102 | D        | Reached skill level 5 in Spellcasting
   102 | D        | Reached XP level 2. HP: 7/17 MP: 0/8
   102 | D        | Reached XP level 3. HP: 9/21 MP: 0/10
   105 | D        | Killed a hellion
   127 | D        | Killed a white draconian scorcher
   157 | D        | Killed a hellion
   157 | D        | Killed a hellion
   164 | D        | Killed a white draconian scorcher
   229 | D        | Killed a hellion
   345 | D        | Learned a level 2 spell: Blink
   348 | D        | Learned a level 2 spell: Call Imp
   352 | D        | Learned a level 3 spell: Conjure Flame
   356 | D        | Learned a level 3 spell: Mephitic Cloud
   586 | D        | Reached skill level 6 in Spellcasting
   677 | D        | Noticed a water elemental
   684 | D        | Killed a water elemental
   684 | D        | Reached skill level 1 in Air Magic
   684 | D        | Reached XP level 4. HP: 27/27 MP: 4/12
   684 | D        | Reached XP level 5. HP: 31/31 MP: 4/14
   755 | D        | Found a radiant altar of Vehumet.
   755 | D        | Found a shimmering blue altar of Sif Muna.
   755 | D        | Found an ancient bone altar of Kikubaaqudgha.
   759 | D        | Reached skill level 7 in Spellcasting
   762 | D        | Reached skill level 5 in Conjurations
   771 | D        | Became a worshipper of Sif Muna the Loreminder
   816 | D        | Learned a level 1 spell: Animate Skeleton
   834 | D        | Found a hide-covered altar of Uskayaw.
   834 | D        | Found a roughly hewn altar of Beogh.
   834 | D        | Found an iron altar of Okawaru.
   834 | D        | Found a bloodstained altar of Trog.
   834 | D        | Found an ornate altar of the Wu Jian Council.
   834 | D        | Noticed a human
   834 | D        | Noticed a human
   846 | D        | Killed a human
   846 | D        | Reached skill level 5 in Stealth
   846 | D        | Reached skill level 8 in Spellcasting
   846 | D        | Reached skill level 1 in Poison Magic
   846 | D        | Reached XP level 6. HP: 14/36 MP: 6/17
   872 | D        | Killed a human
  1080 | D        | Found a basalt altar of Yredelemnul.
  1080 | D        | Found a shadowy altar of Dithmenos.
  1080 | D        | Found a sacrificial altar of Ru.
  1080 | D        | Noticed a necrophage
  1088 | D        | Killed a necrophage
  1088 | D        | Reached * piety under Sif Muna
  1088 | D        | Reached skill level 9 in Spellcasting
  1088 | D        | Reached skill level 1 in Fire Magic
  1088 | D        | Reached XP level 7. HP: 34/41 MP: 15/19
  1107 | D        | Found a glowing silver altar of Zin.
  1108 | D        | Found a glowing golden altar of the Shining One.
  1109 | D        | Found a white marble altar of Elyvilon.
  1110 | D        | Noticed a deep elf mage
  1118 | D        | Killed a deep elf mage
  1118 | D        | Reached skill level 1 in Fighting
  1118 | D        | Reached skill level 1 in Short Blades
  1118 | D        | Reached skill level 1 in Necromancy
  1161 | D        | Noticed a shadow
  1176 | D        | Reached ** piety under Sif Muna
  1176 | D        | Reached skill level 5 in Summonings
  1196 | D        | Killed a shadow
  1196 | D        | Reached skill level 10 in Spellcasting
  1196 | D        | Reached XP level 8. HP: 21/47 MP: 1/22
  1387 | D        | Found a blossoming altar of Fedhas.
  1387 | D        | Found a stormy altar of Qazlal.
  1387 | D        | Found a snail-covered altar of Cheibriados.
  1387 | D        | Found a burning altar of Makhleb.
  1387 | D        | Found a shimmering altar of Xom.
  1388 | D        | Found a hazy altar of Hepliaklqana.
  1388 | D        | Found an opulent altar of Gozag.
  1388 | D        | Found a sparkling altar of Nemelex Xobeh.
  1388 | D        | Found a corrupted altar of Lugonu.
  1388 | D        | Found a viscous altar of Jiyva.
  1536 | D        | Noticed Snorg
  1570 | D        | Killed Snorg
  1570 | D        | Reached skill level 11 in Spellcasting
  1570 | D        | Reached skill level 10 in Conjurations
  1570 | D        | Reached XP level 9. HP: 34/55 MP: 7/24
  2145 | D        | Noticed a centaur warrior
  2153 | D        | Reached *** piety under Sif Muna
  2153 | D        | Reached skill level 1 in Invocations
  2170 | D        | Killed a centaur warrior
  2415 | D        | Reached **** piety under Sif Muna
  2428 | D        | Noticed an orc knight
  2441 | D        | Reached skill level 12 in Spellcasting
  2598 | D        | Reached ***** piety under Sif Muna
  2640 | D        | Identified Sif Muna's Collected Works on Harmful Hexes (Sif
                  | Muna gifted it to you in the Dungeon)
  2640 | D        | Received a gift from Sif Muna
  2856 | D        | Slain by an orc knight

Illustrated notes

Levels and vault maps discovered:
D:        dungeon_sprint_mu [sprint_mu_entry_cave, sprint_mu_temple_rooms,
          sprint_mu_d1_horrors, sprint_mu_d2_genie, sprint_mu_d3_branching,
          sprint_mu_orc_legion, sprint_mu_elf_gauntlet, sprint_mu_hive_nellie,
          sprint_mu_lair_fedhas, sprint_mu_vaults_butterflies,
          sprint_mu_slime_circle, sprint_mu_shoals_kraken,
          sprint_mu_snake_twists, sprint_mu_blade_basic, sprint_mu_crypt_lich,
          sprint_mu_tomb_spiral, sprint_mu_vestibule_basic,
          sprint_mu_gehenna_hellfire, sprint_mu_dis_giant,
          sprint_mu_tartarus_statrot, sprint_mu_cocytus_islands, sprint_mu_zot1]

Skill      XL: |  1  2  3  4  5  6  7  8  9 |
---------------+----------------------------+-----
Stealth        | 3 4 5 6 7 9 |  9.3
Spellcasting   | 5 6 8 9 10 11 12 | 12.3
Dodging        | 3 4 |  4.8
Conjurations   | 4 6 8 9 10 11 | 11.1
Summonings     | 2 3 4 5 6 7 |  7.0
Air Magic      | 1 2 3 |  3.8
Poison Magic   | 1 2 3 4 |  4.1
Fire Magic     | 1 |  1.3
Fighting       | 1 2 |  2.7
Short Blades   | 1 2 |  2.7
Necromancy     | 1 |  1.1
Translocations | 3 |  3.2
Evocations     | 2 |  2.2
Invocations    | 3 |  3.9
Unarmed Combat | |  0.3

Action                   |  1- 3 |  4- 6 |  7- 9 || total
-------------------------+-------+-------+-------++-------
Melee: Unarmed           |    13 |     1 |       ||    14
       Tentacles         |     2 |     3 |    17 ||    22
       Constrict         |     3 |     5 |    10 ||    18
       Dagger            |       |    12 |    80 ||    92
 Cast: Magic Dart        |    20 |    12 |    55 ||    87
       Call Imp          |     4 |     1 |    53 ||    58
       Conjure Flame     |     2 |       |     9 ||    11
       Mephitic Cloud    |     1 |     4 |    19 ||    24
       Animate Skeleton  |       |     1 |     4 ||     5
       Blink             |       |       |    10 ||    10
Invok: Channel Magic     |       |       |     1 ||     1
Evoke: Wand              |       |       |     3 ||     3
       Phial of floods   |       |       |     3 ||     3
  Use: Potion            |       |       |     7 ||     7
       Scroll            |       |       |     1 ||     1
 Stab: Confused          |       |     2 |     8 ||    10
       Sleeping          |       |       |     2 ||     2
  Eat: Ration            |       |       |     1 ||     1
       Chunk             |       |       |     3 ||     3
Armor: Skin              |     1 |       |     2 ||     3
Dodge: Dodged            |    11 |     5 |    31 ||    47

Table legend:
 A = Non-vault XP
 B = Vault XP
 C = Vault XP percentage of total XP
 D = Non-vault monster count
 E = Vault monster count
 F = Vault count percentage of total count
                 A         B        C        D         E       F
            +---------+---------+-------+---------+---------+-------
      Total |       0 |    4066 | 100.0 |       0 |      36 | 100.0
            +---------+---------+-------+---------+---------+-------
          D |       0 |    4066 | 100.0 |       0 |      36 | 100.0
            +---------+---------+-------+---------+---------+-------
